 Dungeon Sprint DCSS version 0.30-a0-172-gc5509c9e31 (webtiles) character file.

Game seed: 17796188501349532926

35 hellse the Ruffian (level 3, 0/34 HPs)
             Began as a Gargoyle Transmuter on Oct 1, 2022.
             Slain by an ogre
             ... wielding a +0 giant club
              (20 damage)
             ... in the Dungeon (Sprint IX: "|||||||||||||||||||||||||||||").
             The game lasted 00:00:17 (43 turns).

hellse the Ruffian (Gargoyle Transmuter)              Turns: 43, Time: 00:00:18

Health: 0/34       AC:  5    Str: 13    XL:     3   Next: 35%
Magic:  3/7        EV: 12    Int: 15    God:
Gold:   0          SH:  0    Dex: 10    Spells: 7/8 levels left

rFire   . . .      SeeInvis .      - Unarmed
rCold   . . .      Faith    .    (no shield)
rNeg    + . .      Spirit   .    a - +0 robe
rPois   ∞          Reflect  .    (helmet currently unavailable)
rElec   +          Harm     .    (no cloak)
rCorr   .          Rampage  .    (no gloves)
Will    .....      NoTele   +    (boots currently unavailable)
Stlth   ..........               (no amulet)
HPRegen 0.25/turn                (no ring)
MPRegen 0.10/turn                (no ring)

@: berserking, appendages (expiring), very quick
A: horns 2, talons 2, sickness immunity, AC +3, negative energy resistance 1,
electricity resistance, torment resistance 1, petrification resistance
a: End Transformation


You were in the Dungeon.
You had temporarily grown beastly horns and talons.
You visited 1 branch

Inventory:

Armour
 a - a +0 robe (worn)
Scrolls
 h - a scroll of blinking
Potions
 b - a potion of lignification
 c - a potion of curing
 d - a potion of heal wounds
 e - a potion of haste
 f - 2 potions of magic


   Skills:
 + Level 3.1 Fighting
 + Level 2.7 Dodging
 + Level 4.1 Unarmed Combat
 + Level 3.2 Spellcasting
 + Level 2.7 Transmutations


You had 7 spell levels left.
You knew the following spells:

 Your Spells              Type           Power      Damage    Failure   Level
a - Beastly Appendage     Tmut           20%        N/A       6%          1

Your spell library contained the following spells:

 Spells                   Type           Power      Damage    Failure   Level
 Wereblood                Tmut           10%        N/A       10%         2
 Spider Form              Tmut/Pois      6%         N/A       32%         3
 Ice Form                 Ice/Tmut       6%         N/A       73%         4


Dungeon Overview and Level Annotations

Branches:
Dungeon (1/1)

Altars:


Innate Abilities, Weirdness & Mutations

You have temporarily grown beastly horns and talons.
You are immune to sickness and miasma.
Your stone body is resilient. (AC +3)
You are immune to poison.
You resist negative energy. (rN+)
You are resistant to electric shocks. (rElec)
You are resistant to unholy torment.
You are immune to petrification.


Message History

You grow a pair of large bovine horns.
Your feet morph into talons.
Unknown command.
As you open the door, it creaks loudly!
A white imp, 2 orcs, an ogre and a hound come into view.
The white imp shouts, "Slither hence, thou jarring flat-headed slabber!"
The ogre shouts!
The hound bites you but does no damage. The white imp puffs mist at you.
You completely miss the hound. Your kick misses the hound.
The hound bites you but does no damage.
You barely miss the hound. You claw the hound. Your punch misses the hound.
The hound is lightly wounded.
The hound completely misses you. The hound bites you.
The white imp shouts, "Begone, thou droning fen-sucked coxcomb!"
You hit the hound. Your kick misses the hound.
The hound is lightly wounded.
The hound stops to sniff the ground.
The hound bites you but does no damage.
A red film seems to cover your vision as you go berserk!
You feel yourself moving faster!
You feel mighty! The hound barely misses you. The hound bites you.
You punch the hound! Your headbutt misses the hound.
The hound is severely wounded.
The hound bites you.
You barely miss the hound. Your kick misses the hound.
The hound is severely wounded.
Your transformation is almost over.
You hit the hound.
You kill the hound!
Your Fighting skill gained 2 levels and is now at level 3!
Your Unarmed Combat skill increases to level 4!
Your Spellcasting skill increases to level 3!
You have reached level 2!
You have reached level 3!
Your experience leads to an increase in your attributes!
Increase (S)trength, (I)ntelligence, or (D)exterity?
You feel clever. x2
The ogre hits you with a +0 giant club!!
Ouch! That really hurt!
You die...

▓+▓
▓.▓
▓5▓
▓o▓
▓o▓
▓O▓
▓@▓
▓.▓
▓.▓
▓.▓
▓.▓
▓†▓
▓'▓
▓.▓
▓.▓


You could see an ogre, a white imp and 2 orcs.

Vanquished Creatures
  A hound (D)
  A bat (D)
  An endoplasm (D)
  2 ball pythons (D)
  A rat (D)
6 creatures vanquished.

Notes
Turn   | Place    | Note
-------+----------+-------------------------------------------
     0 | D        | hellse the Gargoyle Transmuter began the quest for the Orb.
     0 | D        | Reached XP level 1. HP: 12/12 MP: 3/3
    35 | D        | Noticed an ogre
    35 | D        | Noticed a hound
    42 | D        | Killed a hound
    43 | D        | Reached skill level 4 in Unarmed Combat
    43 | D        | Reached XP level 2. HP: 16/19 MP: 3/6
    43 | D        | Reached XP level 3. HP: 20/23 MP: 3/7
    43 | D        | Slain by an ogre

Illustrated notes

Levels and vault maps discovered:
D:        linesprint [early_d, line_temple, items_1, d_10, items_2, lair_1,
          lair_end, items_3, orc_1, orc_end, items_4, d_15, swamp_1, shoals_1,
          snake_1, spider_1, d_20, vaults_1, items_5, swamp_end, shoals_end,
          snake_end, spider_end, vaults_end, d_27, items_6, zot_1, zot_end,
          crypt_end, forest_end, elf_end, slime_end, tomb_end, abyss_end,
          pan_hell_end]

Skill      XL: |  1 |
---------------+----+-----
Dodging        | 2 |  2.7
Transmutations | 2 |  2.7
Fighting       | 3 |  3.1
Unarmed Combat | 4 |  4.1
Spellcasting   | 3 |  3.2

Action                   || total
-------------------------++-------
Melee: Unarmed           ||    19
       Kick              ||     3
 Cast: Beastly Appendage ||     2
  Use: Potion            ||     1
Armor: Robe              ||     4
Dodge: Dodged            ||    10

Table legend: (Time is in decaauts)
 A = Elapsed time spent in this place.
 B = Non-inter-level travel time spent in this place.
 C = Inter-level travel time spent in this place.
 D = Time resting spent in this place.
 E = Time spent auto-exploring this place.
 F = Levels seen in this place.
 G = Mean time per level.
                   A        B        C        D        E       F      G
               +--------+--------+--------+--------+--------+-----+--------+
         Total |     40 |     40 |      0 |     10 |      0 |   1 |   40.0 |
       Dungeon |     40 |     40 |      0 |     10 |      0 |   1 |   40.0 |
               +--------+--------+--------+--------+--------+-----+--------+

Top non-repeatable levels by time:
       D: 40 daAuts
